 Dungeon Sprint DCSS version 0.21-a0-414-gba8bdf1 (webtiles) character file.

132 Kidiri the Insei (level 4, -5/41 HPs)
             Began as a Draconian Transmuter on Nov 2, 2017.
             Slain by a human (12 damage)
             ... in the Dungeon (Sprint III: "The Ten Rune Challenge").
             The game lasted 00:02:52 (912 turns).

Kidiri the Insei (Draconian Transmuter)              Turns: 912, Time: 00:02:52

Health: -5/41      AC:  7    Str: 14    XL:     4   Next: 92%
Magic:  9/10       EV: 13    Int: 14    God:
Gold:   20         SH:  0    Dex: 12    Spells: 1/11 levels left

rFire    . . .     SeeInvis .     - Unarmed
rCold    . . .     Gourm    .   (no shield)
rNeg     . . .     Faith    .   (armour unavailable)
rPois    +         Spirit   .   (helmet restricted)
rElec    .         Reflect  .   l - +0 cloak {rPois}
rCorr    .         Harm     .   (no gloves)
MR       .....     NoTele   +   (no boots)
Stlth    ++........             (no amulet)
HPRegen  0.13/turn              (no ring)
MPRegen  0.12/turn              (no ring)

@: very slightly contaminated
A: unfitting armour, stinger 1, shaggy fur 1, strong 1, evolution 1,
cold-blooded, AC +5
a: no special abilities


You were in the Dungeon.
You were not hungry.

You visited 1 branch You collected 20 gold pieces.

Inventory:

Missiles
 a - 29 arrows
Armour
 l - a +0 cloak of poison resistance (worn)
Scrolls
 k - a scroll of enchant weapon {unknown}
 m - a scroll of torment {unknown}
 n - a scroll of recharging {unknown}
 o - a scroll of amnesia {unknown}
 r - a scroll of holy word {unknown}
 s - a scroll of identify {unknown}
 t - a scroll of remove curse {unknown}
Potions
 d - a potion of curing
 f - a potion of haste
 g - 2 potions of magic
 h - a potion of berserk rage
 q - a potion of resistance {unknown}
 v - 5 potions of mutation
Books
 b - a book of Changes

   Spells                             Type                      Level
   a - Beastly Appendage              Transmutation                1
   b - Sticks to Snakes               Transmutation                2
   c - Spider Form                    Transmutation/Poison         3
   d - Ice Form                       Ice/Transmutation            4
   e - Blade Hands                    Transmutation                5
Comestibles
 c - a bread ration
 p - a royal jelly


   Skills:
 * Level 4.8 Fighting
 + Level 3.2 Dodging
 + Level 2.8 Stealth
 * Level 5.4 Unarmed Combat
 * Level 4.4 Spellcasting
 + Level 3.6 Transmutations
 + Level 1.2 Ice Magic
 + Level 1.3 Poison Magic


You had one spell level left.
You knew the following spells:

 Your Spells              Type           Power        Failure   Level  Hunger
a - Beastly Appendage     Tmut           ##....       4%          1    None
b - Sticks to Snakes      Tmut           ##......     6%          2    ##.....
c - Spider Form           Tmut/Pois      ##........   21%         3    ###....
d - Ice Form              Ice/Tmut       #.......     56%         4    ####...


Dungeon Overview and Level Annotations

Branches:
Dungeon (1/1)

Altars:
Okawaru
Trog
Uskayaw
Wu Jian
Beogh


Innate Abilities, Weirdness & Mutations

Your plain brown scales are hard. (AC +5)
You cannot fit into any form of body armour.
You are cold-blooded and may be slowed by cold attacks.
Your tail ends in a poisonous barb.
You are covered in fur. (AC +1)
Your muscles are strong. (Str +2)
You evolve.


Message History

You feel much better.
You hear a shout!
You hear a shout!
A human opens the door.
The human rages.
The human rages.
You closely miss the human.
The human is lightly wounded.
The human hits you!
Unknown command.
You hit the human.
The human is poisoned.
The human is moderately wounded.
The human hits you!
* * * LOW HITPOINT WARNING * * *
Unknown command.
Unknown command.
Your transformation has ended.
Your +0 cloak of poison resistance unmelds from your body.
You feel resistant to poison. The human hits you!
You die...

▓..##.......#..#..# #__)#
▓##.##.##...#..#..###+#p###+
##.##.###).##+#..#.........
▓#.####.##..###...'.⌠.......
▓.###..##..####p..#...######
▓#.....##..###....#.⌠.#
###..##...##.....#...#
##÷.##....#p.....#+###
#..###..##@#..)..# #..# #..
####....# ▓▓▓▓ ▓▓▓ ▓▓▓▓▓▓


You could see 2 humans.

Vanquished Creatures
  A water elemental (D)
  Crazy Yiuf (D)
  Jessica (D)
  A human (D)
  An ooze (D)
  2 rats (D)
7 creatures vanquished.

Vanquished Creatures (others)
  2 draconian scorchers (D)
  6 hellions (D)
  A yaktaur (D)
  A plant (D)
10 creatures vanquished.

Grand Total: 17 creatures vanquished

Notes
Turn   | Place    | Note
-------+----------+-------------------------------------------
     0 | D        | Kidiri the Draconian Transmuter began the quest for the Orb.
     0 | D        | Reached XP level 1. HP: 16/16 MP: 3/3
    81 | D        | Killed a hellion
   113 | D        | Killed a hellion
   117 | D        | Killed a hellion
   135 | D        | Killed a hellion
   150 | D        | Killed a white draconian scorcher
   158 | D        | Noticed Jessica
   166 | D        | Killed a white draconian scorcher
   174 | D        | Killed Jessica
   174 | D        | Reached skill level 1 in Stealth
   174 | D        | Reached skill level 4 in Unarmed Combat
   174 | D        | Reached XP level 2. HP: 12/26 MP: 4/6
   174 | D        | Reached XP level 3. HP: 14/31 MP: 4/7
   197 | D        | Learned a level 2 spell: Sticks to Snakes
   201 | D        | Learned a level 3 spell: Spider Form
   210 | D        | Killed a hellion
   281 | D        | Killed a yaktaur
   322 | D        | Killed a hellion
   347 | D        | Noticed Crazy Yiuf
   518 | D        | Killed Crazy Yiuf
   518 | D        | Reached XP level 4. HP: 40/40 MP: 6/9
   550 | D        | Gained mutation: You are clumsy. (Dex -2) [potion of mutation]
   550 | D        | Gained mutation: Scrolls take you a little longer to read. [potion of mutation]
   550 | D        | Gained mutation: You evolve. [potion of mutation]
   550 | D        | Gained mutation: Your muscles are strong. (Str +2) [potion of mutation]
   551 | D        | Lost mutation: Scrolls take you a little longer to read. [potion of mutation]
   551 | D        | Lost mutation: You are clumsy. (Dex -2) [potion of mutation]
   551 | D        | Gained mutation: You are covered in fur. (AC +1) [potion of mutation]
   551 | D        | Gained mutation: Your tail ends in a poisonous barb. [potion of mutation]
   600 | D        | Learned a level 4 spell: Ice Form
   740 | D        | Noticed a water elemental
   752 | D        | Killed a water elemental
   752 | D        | Reached skill level 5 in Unarmed Combat
   752 | D        | Reached skill level 1 in Ice Magic
   752 | D        | Reached skill level 1 in Poison Magic
   894 | D        | Found an ornate altar of the Wu Jian Council.
   894 | D        | Found a roughly hewn altar of Beogh.
   894 | D        | Found an iron altar of Okawaru.
   894 | D        | Found a bloodstained altar of Trog.
   894 | D        | Found a hide-covered altar of Uskayaw.
   894 | D        | Noticed a human
   894 | D        | Noticed a human
   901 | D        | HP: 2/41 [human (2)]
   912 | D        | Slain by a human

Vault maps used:
D:        dungeon_sprint_mu

Skill      XL: |  1  2  3  4 |
---------------+-------------+-----
Fighting       | 3 4 |  4.8
Dodging        | 2 3 |  3.2
Stealth        | 1 2 |  2.8
Unarmed Combat | 4 5 |  5.4
Spellcasting   | 3 4 |  4.4
Transmutations | 3 |  3.6
Ice Magic      | 1 |  1.2
Poison Magic   | 1 |  1.3

Action                   |  1- 3 |  4- 6 || total
-------------------------+-------+-------++-------
Melee: Unarmed           |    27 |    14 ||    41
       Tailslap          |     3 |       ||     3
       Headbutt          |     1 |       ||     1
 Cast: Beastly Appendage |     2 |       ||     2
       Spider Form       |     2 |     1 ||     3
       Ice Form          |       |     1 ||     1
  Use: Potion            |       |     4 ||     4
       Scroll            |       |     1 ||     1
 Stab: Sleeping          |     1 |       ||     1
  Eat: Fruit             |       |     2 ||     2
Armor: Skin              |     4 |       ||     4
Dodge: Dodged            |    14 |    10 ||    24

Table legend:
 A = Spawn XP
 B = Non-spawn XP
 C = Spawn XP percentage of total XP
 D = Spawn monster count
 E = Non-spawn monster count
 F = Spawn count percentage of total count
 G = Total turns spent on level
                    A         B        C        D         E        F      G
               +---------+---------+-------+---------+---------+-------+---------
         Total |       0 |     189 |   0.0 |       0 |       7 |   0.0 |   912
               +---------+---------+-------+---------+---------+-------+---------
             D |       0 |     189 |   0.0 |       0 |       7 |   0.0 |   912
               +---------+---------+-------+---------+---------+-------+---------
